 Dungeon Crawl Stone Soup version 0.30-a0-972-gf3ab3527aa (webtiles) character file.

Game seed: 9184447558456150971

8570 voltaire321 the Nimble (level 11, -10/86 HPs)
             Began as a Merfolk Venom Mage on Apr 1, 2023.
             Was a Priest of Wu Jian.
             Mangled by a gargoyle
             ... wielding a +0 flail
              (14 damage)
             ... on level 8 of the Dungeon.
             The game lasted 00:32:28 (10579 turns).

voltaire321 the Nimble (Merfolk Venom Mage)        Turns: 10579, Time: 00:32:28

Health: -10/86     AC: 12    Str: 11    XL:     11   Next: 32%
Magic:  20/21      EV: 17    Int: 20    God:    Wu Jian [***...]
Gold:   647        SH:  0    Dex: 17    Spells: 15/24 levels left

rFire   . . .      SeeInvis .    e - +1 demon whip (venom)
rCold   . . .      Faith    .    (no shield)
rNeg    + . .      Spirit   .    p - +2 leather armour of Responsibility {rN+}
rPois   .          Reflect  .    (no helmet)
rElec   .          Rampage  .    (no cloak)
rCorr   .                        v - +0 pair of gloves
Will    .....                    C - +0 pair of boots
Stlth   ++                       B - amulet of magic regeneration
HPRegen 0.34/turn                g - +4 ring of protection
MPRegen 0.57/turn                E - +6 ring of intelligence

@: no status effects
A: (nimble swimmer 2), mertail
a: Renounce Religion, Wall Jump, Serpent's Lash


You were on level 8 of the Dungeon.
You worshipped Wu Jian.
Wu Jian was most pleased with you.
You visited 2 branches of the dungeon, and saw 9 of its levels.
You also visited: Ossuary.

You collected 691 gold pieces.
You spent 44 gold pieces at shops.

Inventory:

Hand Weapons
 b - a +2 whip of draining
 e - a +1 demon whip of venom (weapon)
 x - a +0 scimitar
 z - a +1 whip of electrocution
Armour
 o - an orb of light
 p - the +2 leather armour of Responsibility (worn) {rN+}
   (You found it on level 6 of the Dungeon)

   rN:        It protects you from negative energy.
 v - a +0 pair of gloves (worn)
 C - a +0 pair of boots (worn)
Magical Staves
 A - a staff of poison
Jewellery
 g - a +4 ring of protection (left hand)
 j - a ring of flight
 B - an amulet of magic regeneration (around neck)
 E - a +6 ring of intelligence (right hand)
Wands
 u - a wand of paralysis (6)
 D - a wand of flame (5)
Scrolls
 d - 2 scrolls of vulnerability {unknown}
 f - 2 scrolls of acquirement {unknown}
 h - a scroll of identify
 m - 2 scrolls of teleportation {unknown}
 q - 4 scrolls of noise {unknown}
 r - 2 scrolls of enchant armour {unknown}
 s - 3 scrolls of immolation {unknown}
 t - 7 scrolls of poison {unknown}
 w - a scroll of silence {unknown}
 y - a scroll of enchant weapon {unknown}
 H - a scroll of amnesia {unknown}
Potions
 a - 2 potions of magic
 c - 4 potions of curing
 i - a potion of cancellation
 k - 3 potions of ambrosia
 l - a potion of brilliance
 n - 2 potions of resistance
 G - a potion of haste
 I - a potion of flight
 L - a potion of berserk rage


   Skills:
 + Level 8.0 Fighting
 + Level 5.5 Armour
 + Level 10.0 Dodging
 - Level 2.1 Stealth
 + Level 7.2 Spellcasting
 + Level 3.7 Conjurations
 - Level 2.0 Transmutations
 - Level 4.0 Air Magic
 + Level 8.7 Poison Magic


You had 15 spell levels left.
You knew the following spells:

 Your Spells              Type           Power      Damage    Failure   Level
a - Sting                 Tmut/Pois      100%       1d8       1%          1
b - Poisonous Vapours     Pois/Air       64%        N/A       1%          2
c - Olgreb's Toxic Radia  Pois           42%        N/A       3%          4
d - Searing Ray           Conj           44%        2d6       3%          2

Your spell library contained the following spells:

 Spells                   Type           Power      Damage    Failure   Level
 Magic Dart               Conj           88%        1d7       2%          1
 Shock                    Conj/Air       88%        1d8       2%          1
 Mephitic Cloud           Conj/Pois/Air  29%        N/A       3%          3
 Spider Form              Tmut/Pois      28%        N/A       3%          3
 Beastly Appendage        Tmut           30%        N/A       5%          1
 Swiftness                Air            23%        N/A       7%          3
 Wereblood                Tmut           15%        N/A       8%          2
 Apportation              Tloc           14%        N/A       12%         1
 Freeze                   Ice            28%        1d5       12%         1
 Necrotise                Necr           28%        1d5       12%         1
 Summon Small Mammal      Summ           28%        N/A       12%         1
 Hailstorm                Conj/Ice       14%        3d5       16%         3
 Airstrike                Air            11%        2d(2-18)  22%         4
 Frozen Ramparts          Ice            14%        1d3       34%         3
 Summon Guardian Golem    Hex/Summ       7%         N/A       34%         3
 Fulminant Prism          Conj/Hex       7%         3d7       47%         4
 Orb of Destruction       Conj           11%        9d6       100%        7
 Spellforged Servitor     Conj/Summ      7%         N/A       100%        7


Dungeon Overview and Level Annotations

Branches:
Dungeon (8/15)             Temple (1/1) D:4            Lair (0/5) D:8
Ossuary (visited)

Altars:
Ashenzari
Cheibriados
Dithmenos
Elyvilon
Fedhas
Gozag
Hepliaklqana
Kikubaaqudgha
Makhleb
Nemelex Xobeh
Okawaru
Qazlal
Ru
Trog
Uskayaw
Vehumet
Wu Jian
Xom
Yredelemnul
Zin
The Shining One

Shops:
D:5 (

Annotations:
D:2 1 runed translucent door, Crazy Yiuf


Innate Abilities, Weirdness & Mutations

((You are very nimble when in or above water. (Stealth+, EV+, Speed+++)))
Your lower body shifts to a powerful aquatic tail in water.


Message History

The gargoyle hurls a stone arrow at you.
The stone arrow hits you!
The searing ray hits the gargoyle but does no damage.
Casting: Searing Ray (safe; 3% risk of failure)
Confirm with . or Enter, or press ? or * to list all spells.
Restarting spell: Searing Ray (safe; 3% risk of failure)
Press: ? - help, Shift-Dir - straight line, f/p - gargoyle
Aim: a gargoyle, wielding a +0 flail (89% to hit)
The searing ray hits the gargoyle but does no damage. (Press . to maintain the ray.)
The searing ray hits the gargoyle but does no damage.
The gargoyle hits you with a +0 flail!
The searing ray hits the gargoyle but does no damage.
The gargoyle closely misses you.
The searing ray hits the gargoyle.
The gargoyle is lightly damaged.
You finish channelling your searing ray.
The gargoyle closely misses you.
You hit the gargoyle but do no damage.
The gargoyle is lightly damaged.
The gargoyle barely misses you.
You hit the gargoyle but do no damage.
The gargoyle is lightly damaged.
The gargoyle hurls a stone arrow at you.
The stone arrow hits you!!
You hit the gargoyle but do no damage.
The gargoyle is lightly damaged.
The gargoyle hits you with a +0 flail!!
* * * LOW HITPOINT WARNING * * *
You hit the gargoyle but do no damage.
The gargoyle is lightly damaged.
The gargoyle misses you.
You hit the gargoyle but do no damage.
The gargoyle is lightly damaged.
The gargoyle hits you with a +0 flail!
* * * LOW HITPOINT WARNING * * *
You closely miss the gargoyle.
The gargoyle is lightly damaged.
The gargoyle hits you with a +0 flail!
You die...

## ##.# #.# #.### ...
#..###.###....
###..###...........##
##.##..........###..#
##...##..#..#####.##.#
##^._..##....# #.#.#.# #####.
##...^...##...###...#..##
.....##.^....9..##.....## #..<
#...#^.^#####@^.#..#.#.###..##
#...##.'#.#.#'.##.......#....#
#..###..#..###...........#..
####.....###.[.[.#.##.#.#.....
####............)##.#.##....##...
........#####.#####.#..........##
####.##.# ###.#####.######.###...
# #.###.........# #.# #.
#.#.....####### #.#


You could see a gargoyle.

Vanquished Creatures
  Amaemon (D:8)
  Pikel (D:5)
  An orange demon (D:8)
  Sigmund (D:2)
  2 water moccasins
  3 sky beasts
  3 ice beasts
  3 black bears
  4 ogres
  A centaur (D:6)
  2 phantoms
  3 kobold brigands (D:7)
  2 bullfrogs
  3 wights (D:6)
  7 killer bees
  3 orc priests
  6 hounds
  2 jellies
  A gnoll bouda (D:7)
  2 sleepcaps
  4 iguanas
  4 orc wizards
  8 mummies (Ossuary)
  16 gnolls
  10 adders
  A shadow imp (D:6)
  A dart slug (D:5)
  20 orcs
  8 ball pythons
  6 endoplasms
  4 giant cockroaches
  2 gnoll zombies (Ossuary)
  5 goblins (D:4)
  11 hobgoblins
  11 jackals
  17 kobolds
  7 quokkas
  5 bats (D:1)
  4 frilled lizards
  2 goblin zombies (D:8)
  2 hobgoblin zombies (Ossuary)
  A kobold zombie (Ossuary)
  3 orc zombies (Ossuary)
  6 rats
209 creatures vanquished.

Vanquished Creatures (others)
  3 plants (D:3)
3 creatures vanquished.

Grand Total: 212 creatures vanquished

Notes
Turn   | Place    | Note
-------+----------+-------------------------------------------
     0 | D:1      | voltaire321 the Merfolk Venom Mage began the quest for the
                  | Orb.
     0 | D:1      | Reached XP level 1. HP: 13/13 MP: 3/3
   228 | D:1      | Reached XP level 2. HP: 20/20 MP: 1/5
   385 | D:1      | Reached skill level 3 in Dodging
   570 | D:1      | Learned a level 2 spell: Poisonous Vapours
   812 | D:1      | Reached XP level 3. HP: 25/25 MP: 4/6
  1494 | D:2      | Reached skill level 1 in Fighting
  1871 | D:2      | Reached XP level 4. HP: 30/32 MP: 3/7
  2069 | D:2      | Noticed Sigmund
  2160 | D:2      | Killed Sigmund
  2161 | D:2      | Reached skill level 1 in Armour
  2161 | D:2      | Reached skill level 4 in Dodging
  2161 | D:2      | Reached skill level 1 in Air Magic
  2161 | D:2      | Reached XP level 5. HP: 38/38 MP: 0/9
  2161 | D:2      | Reached XP level 6. HP: 44/44 MP: 0/10
  2640 | D:2      | Found a runed translucent door.
  2641 | D:2      | Noticed Crazy Yiuf
  2784 | D:3      | Learned a level 4 spell: Olgreb's Toxic Radiance
  2872 | D:3      | Found a blossoming altar of Fedhas.
  2913 | D:3      | Found a glowing golden altar of the Shining One.
  2926 | D:3      | Found a faded altar of an unknown god.
  3699 | D:4      | Found a staircase to the Ecumenical Temple.
  3886 | D:4      | Reached XP level 7. HP: 49/51 MP: 3/12
  4415 | Temple   | Entered the Ecumenical Temple
  4470 | Temple   | Became a worshipper of the Wu Jian Council
  4598 | D:4      | Reached skill level 5 in Dodging
  5287 | D:4      | Reached skill level 5 in Poison Magic
  5514 | D:4      | Reached XP level 8. HP: 40/58 MP: 5/13
  5583 | D:4      | Identified the amulet "Pedythir" {Spirit rElec SInv}
  5626 | D:5      | Entered Level 5 of the Dungeon
  5990 | D:5      | Noticed Pikel
  6018 | D:5      | Killed Pikel
  6019 | D:5      | Reached skill level 6 in Dodging
  6224 | D:5      | Found a stormy altar of Qazlal.
  6339 | D:5      | Found Kuklesuso's Weapon Shop.
  6344 | D:5      | Bought a +0 scimitar for 44 gold pieces
  6416 | D:5      | Reached XP level 9. HP: 24/66 MP: 13/16
  7219 | D:6      | Reached skill level 5 in Fighting
  7343 | D:6      | Reached skill level 5 in Spellcasting
  7373 | D:6      | Reached * piety under Wu Jian
  7480 | D:6      | Identified the +2 leather armour of Responsibility {rN+}
  7536 | D:6      | Reached skill level 7 in Dodging
  8902 | D:7      | Reached ** piety under Wu Jian
  9092 | D:7      | Found a basalt altar of Yredelemnul.
  9113 | D:7      | Found an opulent altar of Gozag.
  9174 | D:7      | Reached XP level 10. HP: 45/76 MP: 7/18
  9208 | D:7      | Reached skill level 8 in Dodging
  9221 | D:7      | Identified the +1 war axe of Emoah {freeze, rF+ MP-9
                  | Stlth+}
  9445 | D:7      | Found a hide-covered altar of Uskayaw.
  9561 | D:8      | Found a sparkling altar of Nemelex Xobeh.
  9623 | D:8      | Noticed a gargoyle
  9712 | D:8      | Found a sand-covered staircase.
  9732 | Ossuary  | Entered an ossuary
  9738 | Ossuary  | Learned a level 2 spell: Searing Ray
 10084 | D:8      | Reached skill level 5 in Armour
 10084 | D:8      | Reached skill level 9 in Dodging
 10084 | D:8      | Reached XP level 11. HP: 86/86 MP: 18/21
 10205 | D:8      | Noticed Amaemon
 10225 | D:8      | HP: 3/86 [Amaemon/+1 demon whip of venom (7)]
 10230 | D:8      | HP: 3/86 [poisoned by Amaemon]
 10232 | D:8      | Killed Amaemon
 10500 | D:8      | Found a staircase to the Lair.
 10512 | D:8      | Reached *** piety under Wu Jian
 10513 | D:8      | Reached skill level 10 in Dodging
 10578 | D:8      | HP: 3/86 [gargoyle/+0 flail (17)]
 10579 | D:8      | Mangled by a gargoyle

Illustrated notes

Levels and vault maps discovered:
D:1:      spicycebolla_green_bress_n_ham_2, layout_basic,
          kennysheep_flooded_box, minivault_4
D:2:      layout_basic, uniq_sigmund, uniq_crazy_yiuf_cottage
D:3:      layout_basic, fedhas_ov_isle_minmay,
          mainiacjoe_overflow_six_doors_small, basic_ecumenical_altar,
          minmay_misc_feat_tower, st_stairs_11
D:4:      layout_cave_pods, minmay_temple_entry_trees, serial_bayou_pond_d,
          st_stairs_10
D:5:      layout_basic, lemuel_doored_altar, serial_shops, shop, uniq_pikel
D:6:      layout_gridville
D:7:      layout_basic, grunt_gozag_statues,
          mainiacjoe_overflow_concentric_impassable, nicolae_uskayaw_suspiria,
          minmay_joined_circles
D:8:      layout_loops_ring, nemelex_spade_bored_becter, enter_ossuary_4,
          uniq_amaemon
Temple:   compressed_dpeg_circular_temple

Skill      XL: |  1  2  3  4  5  6  7  8  9 10 11 |
---------------+----------------------------------+-----
Dodging        | 3 4 5 6 7 9 10 | 10.0
Transmutations | 2 |  2.0
Fighting       | 1 2 3 4 6 7 8 |  8.0
Armour         | 1 2 3 4 5 |  5.5
Spellcasting   | 3 4 5 7 |  7.2
Air Magic      | 1 2 3 4 |  4.0
Poison Magic   | 4 5 6 7 8 |  8.7
Conjurations   | 3 |  3.7
Stealth        | |  2.1

Action                     |  1- 3 |  4- 6 |  7- 9 | 10-12 || total
---------------------------+-------+-------+-------+-------++-------
  Melee: Unarmed           |     9 |       |       |       ||     9
         Whip              |    47 |    12 |   254 |    87 ||   400
         Punch             |     2 |     1 |     5 |     1 ||     9
         Short sword       |       |    84 |    85 |       ||   169
         Long sword        |       |       |    19 |       ||    19
         Demon whip        |       |       |       |    16 ||    16
   Cast: Sting             |    63 |    77 |   130 |    13 ||   283
         Poisonous Vapours |       |    10 |    41 |     1 ||    52
         Olgreb's Toxic Ra |       |       |     5 |     4 ||     9
         Searing Ray       |       |       |       |    10 ||    10
Ability: Lunge             |       |       |     6 |     4 ||    10
         Whirlwind         |       |       |     3 |     5 ||     8
    Use: Potion            |       |     3 |     1 |     9 ||    13
         Scroll            |       |       |     5 |     5 ||    10
   Stab: Sleeping          |       |       |       |     1 ||     1
 Armour: Robe              |    27 |    25 |    32 |       ||    84
         Skin              |       |    12 |       |       ||    12
         Ring mail         |       |       |    75 |       ||    75
         Leather armour    |       |       |    48 |    52 ||   100
  Dodge: Dodged            |    74 |    88 |   289 |   117 ||   568

Table legend: (Time is in decaauts)
 A = Elapsed time spent in this place.
 B = Non-inter-level travel time spent in this place.
 C = Inter-level travel time spent in this place.
 D = Time resting spent in this place.
 E = Time spent auto-exploring this place.
 F = Levels seen in this place.
 G = Mean time per level.
                   A        B        C        D        E       F      G
               +--------+--------+--------+--------+--------+-----+--------+
         Total |  10606 |  10396 |    210 |   2136 |   5690 |  10 | 1060.6 |
       Dungeon |  10156 |   9988 |    168 |   2038 |   5567 |   8 | 1269.5 |
        Temple |    107 |     65 |     42 |      0 |     23 |   1 |  107.0 |
       Ossuary |    341 |    341 |      0 |     98 |    100 |   1 |  341.0 |
               +--------+--------+--------+--------+--------+-----+--------+

Top non-repeatable levels by time:
     D:4: 1866 daAuts
     D:6: 1435 daAuts
     D:5: 1380 daAuts
     D:1: 1370 daAuts
     D:2: 1320 daAuts
     D:7: 1147 daAuts
     D:3: 954 daAuts
     D:8: 682 daAuts
 Ossuary: 341 daAuts
  Temple: 107 daAuts
